 Dungeon Crawl Stone Soup version 0.32-a0-616-g9348d4545b (webtiles) character file.

Game seed: 13472659633196638393

121 ezpacito the Chopper (level 5, -2/41 HPs)
             Began as a Coglin Chaos Knight on Mar 5, 2024.
             Was a Plaything of Xom.
             Slain by a small abomination (9 damage)
             ... on level 1 of the Abyss.
             The game lasted 00:02:19 (1237 turns).

ezpacito the Chopper (Coglin Chaos Knight)          Turns: 1237, Time: 00:02:20

Health: -2/41      AC:  8    Str: 14    XL:     5   Next: 5%
Magic:  6/6        EV:  7    Int: 11    God:    Xom [...*..]
Gold:   68         SH:  0    Dex: 14    Spells: 5/5 levels left

rFire   + . .        a - +1 hand axe (chaos) {Omaxtafo}
rCold   + . .        f - +1 short sword (venom) {Shu}
rNeg    . . .        d - +0 chain mail
rPois   +            (no helmet)
rElec   +            (no cloak)
rCorr   +            (no gloves)
SInv    .            (no boots)
Will    .....        (amulet unavailable) Stlth
                     (ring unavailable)
HPRegen 0.26/turn    (ring unavailable)
MPRegen 0.10/turn    (no gizmo)

%: no passive effects
@: resistant, silenced
A: off-hand wielding, slow wielding, warmup strikes, no jewellery
a: Invent Gizmo, Renounce Religion


You were on level 1 of the Abyss.
You worshipped Xom.
You were a favourite toy of Xom.
You visited 1 branch of the dungeon, and saw 2 of its levels.
You visited the Abyss 1 time.

You collected 68 gold pieces.

Inventory:

Hand Weapons
 a - a +1 hand axe of chaos (weapon) {Omaxtafo}
 f - a +1 short sword of venom (offhand) {Shu}
Missiles
 b - 4 poisoned darts (quivered)
Armour
 d - a +0 chain mail (worn)
Scrolls
 c - a scroll of butterflies
Potions
 e - 2 potions of brilliance
 j - a potion of magic {unknown}
 k - a potion of curing {unknown}


   Skills:
 * Level 3.4 Fighting
 * Level 3.6(3.7) Axes
 + Level 1.1(2.3) Polearms
 * Level 2.5 Armour
 * Level 1.9 Dodging
 + Level 0.5 Stealth
 + Level 0.8 Spellcasting


You had 5 spell levels left.
You didn't know any spells.
Your spell library was empty.

Dungeon Overview and Level Annotations

Branches:
Dungeon (2/15)

Altars:

Annotations:
D:2 Terence


Innate Abilities, Weirdness & Mutations

You can wield a second weapon in your off-hand.
It takes a long time for you to wield or remove held weapons.
Your first few attacks do less damage.
You cannot equip rings or amulets.


Message History

A small abomination comes into view.
Magic scrolls do not work when you're silenced!
There is a corrupted altar of Lugonu here.
Okay, then.
It was a potion of brilliance.
You feel clever all of a sudden.
It was a potion of cancellation.
Your magical effects are unravelling.
You feel magically purged.
You feel a little less clever now.
It was a potion of resistance.
You feel protected. The small abomination hits you.
You take 3 damage, and have 32/41 hp.
The small abomination attacks as it pursues you!
The small abomination hits you but does no damage.
The small abomination hits you!
There is an open door, spattered with blood here.
You take 12 damage, and have 21/41 hp.
MASSIVE DAMAGE!!
Magic scrolls do not work when you're silenced!
Found a corrupted altar of Lugonu.
The small abomination attacks as it pursues you!
The small abomination hits you!
* * * LOW HITPOINT WARNING * * *
You take 12 damage, and have 9/41 hp.
MASSIVE DAMAGE!!
Xom alters the dungeon around you.
Nothing appears to happen.
You are now a favourite toy of Xom.
The small abomination attacks as it pursues you!
The small abomination barely misses you.
The small abomination attacks as it pursues you!
The small abomination hits you.
* * * LOW HITPOINT WARNING * * *
You take 5 damage, and have 5/41 hp.
The small abomination closely misses you.
The small abomination hits you but does no damage.
The corrupted altar of Lugonu slides away as you move beside it!
The small abomination hits you!
You die...
Xom titters!

######
#....#
##....#
#.x...#
##@...#
#....#
###....# .
#.'....'..#
#.#....####
#.######
#..._# . #
#.#
#......#


You could see a small abomination.

Vanquished Creatures
  Natasha (twice) (D:2)
  3 adders (D:2)
  2 dart slugs
  A ribbon worm (D:1)
  3 endoplasms (D:1)
  2 giant cockroaches (D:1)
  A goblin (D:1)
  3 hobgoblins
  3 jackals (D:1)
  7 kobolds
  4 quokkas (D:1)
  A ball python (D:1)
  A bat (D:1)
  5 frilled lizards (D:1)
  3 rats
41 creatures vanquished.

Notes
Turn   | Place    | Note
-------+----------+-------------------------------------------
     0 | D:1      | ezpacito the Coglin Chaos Knight began the quest for the
                  | Orb.
     0 | D:1      | Reached XP level 1. HP: 18/18 MP: 1/1
   129 | D:1      | Reached skill level 1 in Dodging
   134 | D:1      | XOM: divination: detect items
   138 | D:1      | Reached XP level 2. HP: 24/24 MP: 2/2
   257 | D:1      | You fall into a shaft and drop 1 floor!
   375 | D:1      | Reached XP level 3. HP: 28/29 MP: 3/3
   540 | D:1      | XOM: noise
   928 | D:2      | Reached XP level 4. HP: 33/35 MP: 4/4
   958 | D:2      | Noticed Terence
  1005 | D:2      | Noticed Natasha
  1008 | D:2      | Killed Natasha
  1009 | D:2      | Reached skill level 1 in Polearms
  1205 | D:2      | Noticed Natasha
  1210 | D:2      | XOM: summons friendly shadow imp
  1212 | D:2      | Killed Natasha
  1213 | D:2      | Reached XP level 5. HP: 39/41 MP: 6/6
  1213 | Abyss:1  | Found a corrupted altar of Lugonu.
  1213 | Abyss:1  | Cast into level 1 of the Abyss (Terence)
  1215 | Abyss:1  | Noticed a small abomination
  1227 | Abyss:1  | Found a corrupted altar of Lugonu.
  1237 | Abyss:1  | Slain by a small abomination

Illustrated notes

Levels and vault maps discovered:
D:1:      onia_arrival_pyramid, layout_basic, minmay_split_cup_large
D:2:      layout_basic, hex_large, uniq_natasha, uniq_terence
Abyss:1:  base: D:2, base: D:1, base: D:2, bh_silent_lugonu_exit

Skill      XL: |  1  2  3  4 |
---------------+-------------+-----
Dodging        | 1 |  1.9
Armour         | 2 |  2.5
Polearms       | 1 |  1.1
Fighting       | |  3.4
Axes           | |  3.6
Stealth        | |  0.5
Spellcasting   | |  0.8

Action                     |  1- 3 |  4- 6 || total
---------------------------+-------+-------++-------
  Melee: Hand axe          |    68 |    10 ||    78
         Dagger            |    14 |       ||    14
         Short sword       |    52 |    12 ||    64
  Throw: Dart              |       |     1 ||     1
    Use: Scroll            |       |     2 ||     2
         Potion            |       |     3 ||     3
   Stab: Sleeping          |     1 |       ||     1
         Confused          |       |     1 ||     1
 Armour: Leather armour    |    49 |     1 ||    50
         Chain mail        |       |    16 ||    16
  Dodge: Dodged            |    36 |     6 ||    42

Table legend: (Time is in decaauts)
 A = Elapsed time spent in this place.
 B = Non-inter-level travel time spent in this place.
 C = Inter-level travel time spent in this place.
 D = Time resting spent in this place.
 E = Time spent auto-exploring this place.
 F = Levels seen in this place.
 G = Mean time per level.
                   A        B        C        D        E       F      G
               +--------+--------+--------+--------+--------+-----+--------+
         Total |   1242 |   1224 |     18 |      0 |    920 |   3 |  414.0 |
       Dungeon |   1218 |   1200 |     18 |      0 |    920 |   2 |  609.0 |
         Abyss |     23 |     23 |      0 |      0 |      0 |   1 |   23.0 |
               +--------+--------+--------+--------+--------+-----+--------+

Top non-repeatable levels by time:
     D:1: 668 daAuts
     D:2: 550 daAuts
 Abyss:1: 23 daAuts
